 Dungeon Crawl Stone Soup version 0.32-a0-558-g233958a4c4 (webtiles) character file.

Game seed: 820899297538831019

72 Lobster4 the Trooper (level 4, 0/40 HPs)
             Began as a Mountain Dwarf Fighter on Feb 29, 2024.
             Killed by nerve-wracking pain
             ... invoked by Jessica
              (10 damage)
             ... on level 2 of the Dungeon.
             The game lasted 00:02:36 (1410 turns).

Lobster4 the Trooper (Mountain Dwarf Fighter)       Turns: 1410, Time: 00:02:37

Health: 0/40       AC:  7    Str: 20    XL:     4   Next: 7%
Magic:  4/4        EV:  9    Int:  9    God:
Gold:   138        SH:  4    Dex:  9    Spells: 3/3 levels left

rFire   . . .        a - +0 war axe
rCold   . . .        c - +0 buckler
rNeg    . . .        b - +0 scale mail
rPois   .            (no helmet)
rElec   .            (no cloak)
rCorr   .            (no gloves)
SInv    .            (no boots)
Will    .....        (no amulet) Stlth
                     (no ring)
HPRegen 0.26/turn    (no ring)
MPRegen 0.09/turn

%: no passive effects
@: no status effects
A: runic magic, artefact enchanting
a: no special abilities


You were on level 2 of the Dungeon.
You visited 1 branch of the dungeon, and saw 2 of its levels.

You collected 138 gold pieces.

Inventory:

Hand Weapons
 a - a +0 war axe (weapon)
Missiles
 f - 6 poisoned darts
 h - 22 stones
 m - a throwing net
 o - 2 javelins (quivered)
Armour
 b - a +0 scale mail (worn)
 c - a +0 buckler (worn)
Scrolls
 g - 2 scrolls of identify {unknown}
 j - 2 scrolls of poison {unknown}
 l - a scroll of fear {unknown}
Potions
 d - a potion of might
 e - 2 potions of degeneration {unknown}
 i - a potion of curing {unknown}
 k - 2 potions of lignification {unknown}
 n - a potion of enlightenment {unknown}


   Skills:
 + Level 3.9 Fighting
 + Level 3.3 Axes
 + Level 3.9 Armour
 + Level 3.9 Shields


You had 3 spell levels left.
You didn't know any spells.
Your spell library was empty.

Dungeon Overview and Level Annotations

Branches:
Dungeon (2/15)

Altars:

Shops:
D:1 [

Annotations:
D:2 Jessica


Innate Abilities, Weirdness & Mutations

Your spellcasting is much less encumbered by armour.
You can use scrolls of enchantment on lesser artefacts.


Message History

The gnoll blocks your attack.
The gnoll is moderately wounded.
You block the gnoll's attack.
You hit the gnoll.
The gnoll is moderately wounded.
You block the gnoll's attack.
Jessica the Apprentice Sorceress comes into view.
She is wielding a +0 dagger.
You barely miss the gnoll.
The gnoll is moderately wounded.
The gnoll closely misses you.
Jessica mumbles some strange words.
Jessica blinks!
The gnoll barely misses you.
You hit the gnoll.
The gnoll is severely wounded.
The gnoll hits you but does no damage.
You slash the gnoll!
You kill the gnoll!
The ball python misses you. The ball python barely misses you.
You have reached level 4!
You feel clever.
You barely miss the ball python. The ball python barely misses you.
You block the ball python's attack.
You barely miss the ball python. The ball python bites you.
* * * LOW HITPOINT WARNING * * *
The ball python grabs you. The ball python constricts you.
Jessica casts a spell.
Jessica seems to speed up.
The ball python bites you but does no damage.
The ball python constricts you.
You closely miss the ball python.
The ball python bites you but does no damage.
The ball python constricts you.
* * * LOW HITPOINT WARNING * * *
The ball python bites you but does no damage.
The ball python constricts you.
You hit the ball python.
You kill the ball python!
Jessica casts a spell at you. Pain shoots through your body!
You die...

.......#.#.#.# #.
#.##...###
.......#.#.#.#
#.####..##
.......#.#.#.#####
#.# ##...
.......#.#.......#
#.# ###.
.......#.###.###.#
#.# ##
#................#
#.#
################.#
#.######## #.#
#......... #@#
########## #)# #@#
... ... .....
##..# ##..


You could see Jessica (fast).

Vanquished Creatures
  2 gnolls (D:2)
  An adder (D:2)
  2 dart slugs (D:1)
  A ribbon worm (D:2)
  5 bats
  3 endoplasms
  3 giant cockroaches (D:1)
  2 goblins (D:1)
  4 hobgoblins
  2 quokkas
  2 ball pythons (D:2)
  3 frilled lizards
  4 kobolds
  6 rats
40 creatures vanquished.

Notes
Turn   | Place    | Note
-------+----------+-------------------------------------------
     0 | D:1      | Lobster4 the Mountain Dwarf Fighter began the quest for the
                  | Orb.
     0 | D:1      | Reached XP level 1. HP: 19/19 MP: 1/1
   153 | D:1      | Reached XP level 2. HP: 26/26 MP: 2/2
   687 | D:1      | Found Hyizovaf's Antique Armour Shop.
   930 | D:2      | Found a faded altar of an unknown god.
   938 | D:2      | Reached XP level 3. HP: 30/33 MP: 3/3
  1403 | D:2      | Noticed Jessica
  1407 | D:2      | Reached XP level 4. HP: 11/40 MP: 4/4
  1410 | D:2      | Killed from afar by Jessica

Illustrated notes

Levels and vault maps discovered:
D:1:      roadster_arrival_rocket_small, layout_basic, serial_shops,
          nicolae_shop_tiny_real_fake_doors, minmay_octomino_c4
D:2:      layout_basic, hellmonk_ecumenical_altar_run_dry,
          kennysheep_jessica_study

Skill      XL: |  1  2 |
---------------+-------+-----
Axes           | 3 |  3.3
Fighting       | |  3.9
Armour         | |  3.9
Shields        | |  3.9

Action                     |  1- 3 |  4- 6 || total
---------------------------+-------+-------++-------
  Melee: War axe           |   132 |     4 ||   136
 Armour: Scale mail        |    97 |     8 ||   105
  Dodge: Dodged            |    85 |     1 ||    86
  Block: Buckler           |    25 |     1 ||    26

Table legend: (Time is in decaauts)
 A = Elapsed time spent in this place.
 B = Non-inter-level travel time spent in this place.
 C = Inter-level travel time spent in this place.
 D = Time resting spent in this place.
 E = Time spent auto-exploring this place.
 F = Levels seen in this place.
 G = Mean time per level.
                   A        B        C        D        E       F      G
               +--------+--------+--------+--------+--------+-----+--------+
         Total |   1461 |   1424 |     37 |      0 |   1116 |   2 |  730.5 |
       Dungeon |   1461 |   1424 |     37 |      0 |   1116 |   2 |  730.5 |
               +--------+--------+--------+--------+--------+-----+--------+

Top non-repeatable levels by time:
     D:1: 948 daAuts
     D:2: 513 daAuts
